[Event "HUN-chT Youth-Children 2018"]
[Site "Zalakaros"]
[Date "2018.07.28"]
[Round "5"]
[White "Kiss, Eniko"]
[Black "Koltai, Dora"]
[Result "0-1"]
[ECO "C42"]
[WhiteElo "1697"]
[BlackElo "1786"]
[Annotator "NA RC"]
[PlyCount "58"]
[EventDate "2018.07.26"]
[EventType "team-tourn"]
[EventCountry "HUN"]
[SourceTitle "playchess.com"]
[Source "ChessBase"]
[SourceQuality "1"]
[TimeControl "5400+30"]

1. e4 e5 2. Nf3 Nf6 3. Nc3 Bb4 4. Nxe5 O-O 5. Be2 d6 6. Nf3 Bxc3 7. dxc3 Nxe4 8. O-O h6 9. Re1 Nc6 10. Be3 Re8 11. Bd3 Nf6 12. h3 Ne5 13. Be2 Bf5 14. Bf4 Qd7 15. Nd4 Bg6 16. Bf1 Rad8 17. Nf3 Nxf3+ 18. Qxf3 Be4 19. Qd1 Qf5 20. Be3 Bxc2 21. Qd2 Qg6 22. Bd4 Bf5 23. Kh2 Ne4 24. Qf4 c5 25. g4 Bxg4 26. hxg4 cxd4 27. Bd3 f5 28. gxf5 Qh5+ 29. Kg1 Ng5 0-1

[Event "HUN-chT Youth-Children 2018"]
[Site "Zalakaros"]
[Date "2018.07.28"]
[Round "5"]
[White "Juhasz, Balazs"]
[Black "Kratzmajer, Akos Gyorgy"]
[Result "0-1"]
[ECO "A01"]
[WhiteElo "1687"]
[BlackElo "1972"]
[Annotator "NA RC"]
[PlyCount "62"]
[EventDate "2018.07.26"]
[EventType "team-tourn"]
[EventCountry "HUN"]
[SourceTitle "playchess.com"]
[Source "ChessBase"]
[SourceQuality "1"]
[TimeControl "5400+30"]

1. b3 Nf6 2. Nf3 g6 3. Bb2 Bg7 4. e3 O-O 5. d4 d6 6. Be2 Nbd7 {[%emt 0:00:42] LiveBook: 75 Games} 7. O-O a5 {[%emt 0:01:34] A48: 1 d4 Nf6 2 Nf3 g6: Torre, London and Colle Systems} (7... e6 8. c4 Qe7 9. Nc3 Re8 10. Nb5 Nf8 11. c5 a6 12. cxd6 cxd6 13. Nc3 b5 14. Nd2 Bb7 15. a4 bxa4 16. Nxa4 {1-0 (25) Nakamura,H (2786)-Grigoriants,S (2576) chess.com INT 2017}) 8. c4 h5 $146 ({Predecessor:} 8... b6 9. Nbd2 Bb7 10. Qc2 e6 11. Rac1 Rc8 12. Qb1 c5 13. Rfe1 Ne8 14. Rcd1 {½-½ (32) Luebbers,D (1527)-Linz,S (1695) Buesum 2015}) 9. Nc3 Nh7 10. h4 e5 11. dxe5 dxe5 12. e4 f5 $2 (12... Re8 $11) 13. exf5 gxf5 {[%emt 0:00:16] [#]} 14. g3 $2 (14. Nb5 $1 $18) 14... Qe8 $2 (14... e4 $11) 15. Nb5 c6 $2 (15... Qd8 {war einen Versuch wert.} 16. Qd5+ Kh8) 16. Nc7 $1 Qg6 17. Nxa8 f4 18. Kh2 e4 19. Bxg7 Qxg7 20. Qd4 Ndf6 21. Ne5 f3 22. Bxf3 $1 exf3 23. Rad1 $2 (23. Rfe1 $18) 23... c5 $16 24. Qxc5 Ng4+ 25. Kg1 Nxe5 26. Nb6 Qg4 27. Nxc8 Qh3 28. Qd5+ Kh8 29. Qxe5+ Nf6 30. Qxf6+ Rxf6 31. Rd8+ Kg7 0-1

[Event "HUN-chT Youth-Children 2018"]
[Site "Zalakaros"]
[Date "2018.07.28"]
[Round "5"]
[White "Balogh, Judit Dora"]
[Black "Gombocz, Zsofia"]
[Result "1/2-1/2"]
[ECO "D00"]
[WhiteElo "1674"]
[BlackElo "1996"]
[Annotator "NA RC"]
[PlyCount "89"]
[EventDate "2018.07.26"]
[EventType "team-tourn"]
[EventCountry "HUN"]
[SourceTitle "playchess.com"]
[Source "ChessBase"]
[SourceQuality "1"]
[TimeControl "5400+30"]

1. d4 d5 2. g3 Nf6 3. Bg2 e6 4. Nf3 Be7 5. O-O O-O 6. Bf4 {[%emt 0:03:57] D02: 1 d4 d5 2 Nf3 sidelines, including 2...Nf6 3 g3 and 2...Nf6 3 Bf4} (6. c4 $5 dxc4 7. Ne5 Nc6 8. Bxc6 bxc6 9. Nxc6 Qe8 10. Nxe7+ Qxe7 11. Qa4 e5 12. dxe5 Qxe5 13. Qxc4 Be6 14. Qc2 Bf5 15. Qd2 Bh3 16. Re1 Rad8 17. Qc3 Qd5 18. f3 Rfe8 19. Na3 Qb7 20. Nc2 Qa6 21. Be3 {½-½ (59) Meier,G (2628)-Dominguez Perez,L (2739) chess.com INT 2018}) 6... c5 7. c3 Nc6 {[%emt 0:03:42] LiveBook: 6 Games} 8. Ne5 cxd4 9. Nxc6 bxc6 10. Qxd4 $146 ({Predecessor:} 10. cxd4 Qb6 11. Qd2 c5 12. dxc5 Bxc5 13. Nc3 Bd7 14. a3 Rac8 {½-½ (36) Znamensky,V (2369)-Vunder,Y (2242) St Petersburg 2007}) 10... c5 11. Qd3 Qb6 12. b3 Ba6 13. Qc2 Rad8 14. Re1 Rfe8 15. a4 {[%emt 0:03:40] [#]} Bd6 ({Besser ist} 15... e5 $1 $17 16. a5 (16. Bxe5 $2 Ng4 $19) 16... Qe6) 16. Bxd6 Rxd6 17. Nd2 e5 18. Bf1 (18. e4 $11 {remains equal.}) 18... d4 (18... e4 $17 19. a5 Qb7) 19. cxd4 cxd4 20. Rac1 Rdd8 21. Nc4 Qc6 22. Na5 Qd5 $2 {[%emt 0:03:38] [#]} (22... Qb6 $11 {and Black has nothing to worry.} 23. Nc6 Rd6) 23. Qc5 $2 (23. Nc6 $1 $18) 23... e4 24. b4 Qxc5 25. Rxc5 d3 26. exd3 Bxd3 27. Nc6 Rd7 $1 28. Ne5 Rd4 $1 $11 29. Nc6 Rd7 30. Ne5 Rd6 31. f3 Bxf1 $1 32. Kxf1 exf3 33. Nxf3 Kf8 34. Rxe8+ Nxe8 35. Ke2 f6 $14 36. b5 Ke7 37. Rc4 Kd7 38. Nd4 Nc7 39. Nc6 a6 40. Nb8+ Kd8 41. Nc6+ Kd7 42. Nb8+ Kd8 43. Nc6+ Kd7 44. Nb8+ Kd8 45. Nc6+ 1/2-1/2

[Event "HUN-chT Youth-Children 2018"]
[Site "Zalakaros"]
[Date "2018.07.28"]
[Round "5"]
[White "Szalay-Ocsak, Bank"]
[Black "Vilics, Hanna"]
[Result "1-0"]
[ECO "B77"]
[WhiteElo "1639"]
[BlackElo "1205"]
[Annotator "NA RC"]
[PlyCount "95"]
[EventDate "2018.07.26"]
[EventType "team-tourn"]
[EventCountry "HUN"]
[SourceTitle "playchess.com"]
[Source "ChessBase"]
[SourceQuality "1"]
[TimeControl "5400+30"]

1. e4 c5 2. Nf3 d6 3. d4 cxd4 4. Nxd4 Nf6 5. Nc3 g6 6. Be3 Bg7 7. Bc4 O-O 8. f3 Nc6 9. Qd2 Nxd4 10. Bxd4 a6 11. O-O-O b5 12. Bb3 b4 13. Nd5 Nxd5 14. Bxg7 Kxg7 15. Bxd5 Rb8 16. g4 a5 17. h4 Be6 18. h5 Bxd5 19. exd5 Rh8 20. Qd4+ f6 21. Rdg1 Qb6 22. Qe4 Qc7 23. g5 Rbe8 24. hxg6 f5 25. Qe6 hxg6 26. Qe3 Qc5 27. Qd2 a4 28. Re1 Rxh1 29. Rxh1 Rh8 30. Re1 Re8 31. Rd1 Rc8 32. Qd4+ Qxd4 33. Rxd4 b3 34. axb3 axb3 35. c4 Kf7 36. Kd2 e6 37. dxe6+ Kxe6 38. Kc3 Rb8 39. Rd5 Rb7 40. Rb5 Rxb5 41. cxb5 Kd5 42. b6 Kc6 43. Kxb3 Kxb6 44. Kc4 Kc6 45. f4 d5+ 46. Kd4 Kd6 47. b4 Kc6 48. b5+ 1-0

[Event "HUN-chT Youth-Children 2018"]
[Site "Zalakaros"]
[Date "2018.07.28"]
[Round "5"]
[White "Markus, Molli Amina"]
[Black "Toth, Csongor"]
[Result "1/2-1/2"]
[ECO "E09"]
[WhiteElo "1566"]
[BlackElo "1326"]
[Annotator "NA RC"]
[PlyCount "81"]
[EventDate "2018.07.26"]
[EventType "team-tourn"]
[EventCountry "HUN"]
[SourceTitle "playchess.com"]
[Source "ChessBase"]
[SourceQuality "1"]
[TimeControl "5400+30"]

1. d4 d5 2. Nf3 e6 3. g3 Nf6 4. Bg2 Be7 5. O-O O-O 6. c4 c6 7. Qc2 Nbd7 8. Nbd2 b6 9. b3 Bb7 10. Bb2 c5 11. Rac1 Rc8 12. Qb1 cxd4 13. Bxd4 Ba3 14. Bb2 Bxb2 15. Qxb2 Qe7 16. Rfd1 Rfd8 17. cxd5 Bxd5 18. Qb1 Nf8 19. Ne1 Bxg2 20. Nxg2 Ng6 21. Nc4 Rxd1+ 22. Rxd1 Rd8 23. Nge3 Rxd1+ 24. Qxd1 Qd7 25. Qc2 h6 26. b4 Nd5 27. a3 Nxe3 28. Nxe3 Ne7 29. Ng4 Qc6 30. Qd2 Qd5 31. Qc1 Qc6 32. Qb2 Ng6 33. Qd2 Qc7 34. Qb2 Qc6 35. Ne5 Nxe5 36. Qxe5 Qc1+ 37. Kg2 Qxa3 38. Qb8+ Kh7 39. Qf4 Kg8 40. Qb8+ Kh7 41. Qf4 1/2-1/2

[Event "HUN-chT Youth-Children 2018"]
[Site "Zalakaros"]
[Date "2018.07.28"]
[Round "5"]
[White "Bodo, Boglarka"]
[Black "Kocsmar, Akos"]
[Result "1-0"]
[ECO "B52"]
[WhiteElo "1471"]
[BlackElo "1721"]
[Annotator "NA RC"]
[PlyCount "71"]
[EventDate "2018.07.26"]
[EventType "team-tourn"]
[EventCountry "HUN"]
[SourceTitle "playchess.com"]
[Source "ChessBase"]
[SourceQuality "1"]
[TimeControl "5400+30"]

1. e4 c5 2. Nf3 d6 3. Bb5+ Bd7 4. Bxd7+ Nxd7 5. O-O g6 6. c3 Bg7 7. d4 Qb6 8. Na3 Ngf6 9. Re1 Rd8 10. Nc4 Qc7 11. b3 O-O 12. Qc2 Rc8 13. Bf4 cxd4 14. Nxd4 a6 15. Bd2 Ne8 16. Bg5 Nef6 17. Rac1 b5 18. Ne3 Nc5 19. Nd5 Qd8 20. Nxf6+ Bxf6 21. Bxf6 exf6 22. Re3 Re8 23. Qe2 Qb6 24. Qg4 Ne6 25. Nf5 Kf8 26. Nh6 Qa5 27. Qh4 Ng5 28. Qf4 Ke7 29. Ng4 b4 30. Rd1 Qc5 31. cxb4 Qd4 32. Red3 Ne6 33. Qf3 Qxb4 34. Qxf6+ Kd7 35. Ne5+ Kc7 36. Qxf7+ 1-0

[Event "HUN-chT Youth-Children 2018"]
[Site "Zalakaros"]
[Date "2018.07.28"]
[Round "5"]
[White "Lazsadi, Kerka Lilla"]
[Black "Pasti, Zsombor"]
[Result "1-0"]
[ECO "C70"]
[WhiteElo "1399"]
[BlackElo "1249"]
[Annotator "NA RC"]
[PlyCount "82"]
[EventDate "2018.07.26"]
[EventType "team-tourn"]
[EventCountry "HUN"]
[SourceTitle "playchess.com"]
[Source "ChessBase"]
[SourceQuality "1"]
[TimeControl "5400+30"]

1. e4 e5 2. Nf3 Nc6 3. Bb5 a6 4. Ba4 Bc5 5. Nc3 Nf6 6. d3 d6 7. Be3 Bb4 8. Bxc6+ bxc6 9. Qd2 d5 10. Nxe5 d4 11. Nxc6 dxc3 12. bxc3 Qd6 13. Nxb4 a5 14. Nd5 Nxd5 15. exd5 Qxd5 16. Qe2 Qxg2 17. Bc5+ Be6 18. Qe4 Qxe4+ 19. dxe4 O-O-O 20. Bd4 Rhg8 21. e5 Rde8 22. Kd2 Rd8 23. Ke3 Rde8 24. f4 Bd5 25. Rhd1 Bb7 26. Kf2 f6 27. Rg1 fxe5 28. Bxe5 g5 29. Rae1 Rgf8 30. Rxg5 Rg8 31. Rh5 Rg2+ 32. Kf1 Reg8 33. c4 Rg1+ 34. Ke2 R8g2+ 35. Kd3 Rxe1 36. Rxh7 Be4+ 37. Kd4 Bxh7 38. Kc5 Rxc2 39. Kb5 Rxa2 40. Bc3 Rf1 41. Be5 a4 1-0

[Event "HUN-chT Youth-Children 2018"]
[Site "Zalakaros"]
[Date "2018.07.28"]
[Round "5"]
[White "Kovacs, Kristof"]
[Black "Gulacsi, Donat Ferenc"]
[Result "0-1"]
[ECO "B15"]
[WhiteElo "1351"]
[BlackElo "1610"]
[Annotator "NA RC"]
[PlyCount "72"]
[EventDate "2018.07.26"]
[EventType "team-tourn"]
[EventCountry "HUN"]
[SourceTitle "playchess.com"]
[Source "ChessBase"]
[SourceQuality "1"]
[TimeControl "5400+30"]

1. e4 c6 2. d4 d5 3. Nc3 dxe4 4. Nxe4 Nf6 5. Nxf6+ exf6 6. c3 Bd6 7. Nf3 O-O 8. Be2 Re8 9. O-O Nd7 10. Re1 Nf8 11. Be3 Ng6 12. Qd2 Bf5 13. h3 Qd7 14. Bf1 Be4 15. Be2 Qf5 16. Rac1 Nf4 17. Qd1 Nxh3+ 18. Kf1 Nf4 19. Bc4 Nxg2 20. Ng1 Nxe1 21. Kxe1 Bf4 22. Qd2 Bxe3 23. fxe3 Bd5 24. Bd3 Qg5 25. Ke2 Qg2+ 26. Kd1 Qxg1+ 27. Kc2 Qg2 28. Qxg2 Bxg2 29. e4 Bxe4 30. Bxe4 Rxe4 31. Kd3 Rae8 32. Kc4 Re1 33. Rxe1 Rxe1 34. b4 h5 35. a4 h4 36. b5 cxb5+ 0-1

[Event "HUN-chT Youth-Children 2018"]
[Site "Zalakaros"]
[Date "2018.07.28"]
[Round "5"]
[White "Kasnya, Peter"]
[Black "Kis, Izabella"]
[Result "1/2-1/2"]
[ECO "C45"]
[WhiteElo "1320"]
[BlackElo "1446"]
[Annotator "NA RC"]
[PlyCount "89"]
[EventDate "2018.07.26"]
[EventType "team-tourn"]
[EventCountry "HUN"]
[SourceTitle "playchess.com"]
[Source "ChessBase"]
[SourceQuality "1"]
[TimeControl "5400+30"]

1. e4 e5 2. Nf3 Nc6 3. d4 exd4 4. Nxd4 Bc5 5. Nb3 Bb6 6. Qe2 d6 7. Be3 Nf6 8. Nc3 h6 9. f3 O-O 10. O-O-O Re8 11. g4 Nh7 12. h4 f6 13. Qf2 Ne5 14. Be2 Bxe3+ 15. Qxe3 a6 16. Rdg1 c6 17. Qd2 Qe7 18. f4 Nf7 19. Bc4 b5 20. Bxf7+ Qxf7 21. g5 fxg5 22. hxg5 hxg5 23. fxg5 Qg6 24. a3 a5 25. Qd4 Bd7 26. Kb1 a4 27. Nd2 c5 28. Qd3 Rab8 29. Nd5 Nf8 30. Rh2 Be6 31. Rgh1 Bxd5 32. Qxd5+ Qe6 33. Rh8+ Kf7 34. Rf1+ Ke7 35. Qxe6+ Nxe6 36. Rxe8+ Rxe8 37. g6 Rf8 38. Rg1 Rf6 39. Nf1 Nf4 40. Ne3 Ke6 41. Nf5 Rxg6 42. Rxg6+ Nxg6 43. Nxg7+ Ke5 44. Ne8 d5 45. exd5 1/2-1/2

[Event "HUN-chT Youth-Children 2018"]
[Site "Zalakaros"]
[Date "2018.07.28"]
[Round "5"]
[White "Kobol, Kitti"]
[Black "Szabo, Akos"]
[Result "1-0"]
[ECO "C48"]
[WhiteElo "1224"]
[BlackElo "1322"]
[Annotator "NA RC"]
[PlyCount "55"]
[EventDate "2018.07.26"]
[EventType "team-tourn"]
[EventCountry "HUN"]
[SourceTitle "playchess.com"]
[Source "ChessBase"]
[SourceQuality "1"]
[TimeControl "5400+30"]

1. e4 e5 2. Nf3 Nc6 3. Nc3 Nf6 4. Bb5 a6 5. Bxc6 dxc6 6. d3 Bd6 7. h3 O-O 8. Bg5 h6 9. Bh4 Re8 10. O-O Bc5 11. Qd2 Ba7 12. Rad1 c5 13. Nd5 Kh7 14. Nxf6+ gxf6 15. Rfe1 Rg8 16. Kh1 Qd6 17. c3 Rd8 18. Qe3 c4 19. d4 exd4 20. cxd4 Re8 21. Qc3 Kg7 22. e5 fxe5 23. dxe5 Qe6 24. Bf6+ Kh7 25. Qc2+ Kg8 26. Qd2 b5 27. Qxh6 Qxf6 28. exf6 1-0

[Event "HUN-chT Youth-Children 2018"]
[Site "Zalakaros"]
[Date "2018.07.28"]
[Round "5"]
[White "Andras, Ferenc"]
[Black "Farkas, Otto Jr"]
[Result "0-1"]
[ECO "B03"]
[WhiteElo "1202"]
[BlackElo "1880"]
[Annotator "NA RC"]
[PlyCount "64"]
[EventDate "2018.07.26"]
[EventType "team-tourn"]
[EventCountry "HUN"]
[SourceTitle "playchess.com"]
[Source "ChessBase"]
[SourceQuality "1"]
[TimeControl "5400+30"]

1. e4 Nf6 2. e5 Nd5 3. d4 d6 4. exd6 cxd6 5. Nf3 g6 {[%emt 0:00:16] LiveBook: 23 Games} 6. Bd3 {[%emt 0:09:53] B03: Alekhine's Defence: Four Pawns Attack} (6. Be2 Bg7 7. O-O O-O 8. h3 Bf5 9. c4 Nf6 10. Nc3 d5 11. Qb3 Nc6 12. Qxb7 Na5 13. Qb4 Rb8 14. Qc5 Nxc4 15. Nxd5 Qxd5 16. Qxd5 Nxd5 17. Bxc4 {1-0 (52) Malakhov,V (2686)-Ibrahimov,R (2518) Riadh 2017}) 6... Bg7 7. O-O O-O 8. Bg5 $146 ({Predecessor:} 8. c3 a6 9. Nbd2 Nc6 10. Ne4 Bd7 11. Qb3 Nc7 12. Bg5 h6 13. Bh4 g5 {0-1 (55) Coward,N (1930)-Fabri,H (1994) England 2016}) 8... Nc6 9. Nbd2 (9. Bc4 $11 Be6 10. Bb3) 9... Nb6 (9... Nxd4 $15 10. Nxd4 Bxd4) 10. Re1 Re8 (10... f6 $5 11. Bh4 Nb4 $11) 11. c3 Bg4 12. h3 Bxf3 13. Nxf3 d5 14. Qd2 Qd7 15. Bh6 Rac8 16. Bxg7 Kxg7 17. Re2 e6 18. Ne5 Nxe5 19. Rxe5 Nc4 20. Bxc4 $1 Rxc4 21. Qf4 Qc7 22. Qf3 b5 23. a3 a5 24. Re3 Rc8 25. Rc1 ({White should try} 25. Qd1 $15) 25... b4 26. axb4 axb4 (26... Rxb4 $17 27. Re2 {[#]} Rxd4 $1 ) 27. Kf1 $2 {[%emt 0:00:34] [#]} (27. Qd1 $15) 27... Rxd4 $1 28. Ke2 (28. Rd1 {ist wohl besser.} Rf4 29. Qg3) 28... Rc4 29. Kd2 $2 (29. Qg3 {war angesagt.}) 29... d4 30. Rd3 e5 31. g4 Qe7 $19 (31... dxc3+ $142 32. bxc3 e4) 32. Qe4 dxc3+ 0-1

[Event "HUN-chT Youth-Children 2018"]
[Site "Zalakaros"]
[Date "2018.07.28"]
[Round "6"]
[White "Vanczak, Tamas"]
[Black "Kovacs, Judit"]
[Result "1/2-1/2"]
[ECO "B40"]
[WhiteElo "2339"]
[BlackElo "2143"]
[Annotator "NA"]
[PlyCount "64"]
[EventDate "2018.07.26"]
[EventType "team-tourn"]
[EventCountry "HUN"]
[SourceTitle "playchess.com"]
[Source "ChessBase"]
[SourceQuality "1"]
[TimeControl "5400+30"]

1. e4 c5 2. Nf3 e6 3. d4 cxd4 4. Nxd4 Qb6 5. Nb3 Qc7 6. Nc3 a6 7. Bd3 Nf6 8. Qe2 d6 9. a4 b6 10. O-O Nbd7 11. f4 Bb7 12. Bd2 Be7 13. Kh1 O-O 14. Nd4 Rfe8 15. Rae1 Nc5 16. Rf3 g6 17. Rh3 e5 18. fxe5 dxe5 19. Nf3 Bc8 20. Rh6 Nxd3 21. cxd3 Bf8 22. Rh4 h5 23. Rf1 Qd6 24. Ng5 Ra7 25. a5 bxa5 26. Qf2 Qxd3 27. Rd1 Rc7 28. Qxf6 Bg4 29. Rxg4 hxg4 30. Bf4 Bg7 31. Rxd3 Bxf6 32. Be3 Rb7 1/2-1/2

[Event "HUN-chT Youth-Children 2018"]
[Site "Zalakaros"]
[Date "2018.07.28"]
[Round "6"]
[White "Papp, Levente"]
[Black "Hatala, Csaba Laszlo"]
[Result "1-0"]
[ECO "C20"]
[WhiteElo "2311"]
[BlackElo "1958"]
[Annotator "NA"]
[PlyCount "61"]
[EventDate "2018.07.26"]
[EventType "team-tourn"]
[EventCountry "HUN"]
[SourceTitle "playchess.com"]
[Source "ChessBase"]
[SourceQuality "1"]
[TimeControl "5400+30"]

1. e4 e5 2. c4 Nc6 3. g3 d6 4. Bg2 Nf6 5. Nc3 Be7 6. Nge2 Be6 7. Nd5 O-O 8. O-O Nd7 9. d3 a5 10. f4 Bg4 11. h3 Bxe2 12. Qxe2 Nd4 13. Qd1 c6 14. Nc3 Rb8 15. Be3 Ne6 16. a3 Nc7 17. d4 Bf6 18. fxe5 dxe5 19. d5 cxd5 20. exd5 Na6 21. Ne4 Qc7 22. Rc1 b6 23. g4 Bd8 24. Rf5 Kh8 25. g5 g6 26. Rf1 Ndc5 27. Nxc5 Nxc5 28. b4 Nb7 29. c5 b5 30. d6 Qc8 31. c6 1-0

[Event "HUN-chT Youth-Children 2018"]
[Site "Zalakaros"]
[Date "2018.07.28"]
[Round "6"]
[White "Polyik, Peter"]
[Black "Marosi, Levente"]
[Result "1-0"]
[ECO "A46"]
[WhiteElo "2265"]
[BlackElo "2337"]
[Annotator "NA"]
[PlyCount "43"]
[EventDate "2018.07.26"]
[EventType "team-tourn"]
[EventCountry "HUN"]
[SourceTitle "playchess.com"]
[Source "ChessBase"]
[SourceQuality "1"]
[TimeControl "5400+30"]

1. d4 Nf6 2. Nf3 e6 3. Bf4 d5 4. e3 c5 5. c3 Nc6 6. Nbd2 Bd6 7. Bg3 O-O 8. Bd3 Re8 9. Ne5 Qc7 10. f4 h6 11. Bh4 Nd7 12. Qh5 Ndxe5 13. fxe5 Be7 14. O-O Bxh4 15. Qxh4 Qe7 16. Qh5 Rf8 17. Rf3 Bd7 18. Raf1 Be8 19. Rf6 cxd4 20. cxd4 Nb4 21. Rxh6 gxh6 22. Rf6 1-0

[Event "HUN-chT Youth-Children 2018"]
[Site "Zalakaros"]
[Date "2018.07.28"]
[Round "6"]
[White "Czupor, Attila"]
[Black "Hegedus, Dominik"]
[Result "1-0"]
[ECO "B56"]
[WhiteElo "2239"]
[BlackElo "2005"]
[Annotator "NA"]
[PlyCount "103"]
[EventDate "2018.07.26"]
[EventType "team-tourn"]
[EventCountry "HUN"]
[SourceTitle "playchess.com"]
[Source "ChessBase"]
[SourceQuality "1"]
[TimeControl "5400+30"]

1. e4 c5 2. Nf3 Nc6 3. d4 cxd4 4. Nxd4 Nf6 5. Nc3 d6 6. f3 e5 7. Nb3 Be6 8. Be3 a6 9. Qd2 d5 10. exd5 Nxd5 11. Nxd5 Qxd5 12. Qxd5 Bxd5 13. O-O-O Bxb3 14. axb3 Be7 15. Bc4 Rc8 16. Bb6 Bd8 17. Bxd8 Rxd8 18. Rxd8+ Nxd8 19. Re1 f6 20. f4 Kd7 21. fxe5 fxe5 22. Rxe5 Rf8 23. Re2 Nc6 24. c3 Rf6 25. b4 h6 26. b5 Na5 27. Bd3 axb5 28. Bxb5+ Nc6 29. b4 Rf5 30. Bd3 Rf6 31. Kb2 Kd6 32. Be4 Re6 33. Rd2+ Kc7 34. Bxc6 Kxc6 35. Kb3 Re1 36. Rf2 Rg1 37. g3 Rh1 38. c4 Re1 39. Rf7 Re2 40. Rxg7 Rxh2 41. Rg6+ Kc7 42. Ka4 Kb8 43. Kb5 Ka7 44. c5 h5 45. Rg7 Rc2 46. Rh7 Rc3 47. Rg7 Rc2 48. Rc7 Rg2 49. c6 Rxg3 50. Rxb7+ Ka8 51. Kb6 Rg6 52. Rh7 1-0

[Event "HUN-chT Youth-Children 2018"]
[Site "Zalakaros"]
[Date "2018.07.28"]
[Round "6"]
[White "Bohus, Adam"]
[Black "Tubak, Daniel"]
[Result "1/2-1/2"]
[ECO "B07"]
[WhiteElo "2231"]
[BlackElo "2168"]
[Annotator "NA"]
[PlyCount "38"]
[EventDate "2018.07.26"]
[EventType "team-tourn"]
[EventCountry "HUN"]
[SourceTitle "playchess.com"]
[Source "ChessBase"]
[SourceQuality "1"]
[TimeControl "5400+30"]

1. e4 d6 2. d4 Nf6 3. Nc3 g6 4. Be3 Bg7 5. Qd2 c6 6. Nf3 b5 7. Bd3 Nbd7 8. Bh6 Bxh6 9. Qxh6 e5 10. h3 Qe7 11. O-O Bb7 12. b4 a6 13. Rfe1 Qf8 14. Qg5 Qe7 15. Qh6 Qf8 16. Qe3 Qe7 17. Qh6 Qf8 18. Qe3 Qe7 19. Qh6 Qf8 1/2-1/2

[Event "HUN-chT Youth-Children 2018"]
[Site "Zalakaros"]
[Date "2018.07.28"]
[Round "6"]
[White "Buzas, Bertalan"]
[Black "Kokeny, Norbert Adrian"]
[Result "1/2-1/2"]
[ECO "E18"]
[WhiteElo "2230"]
[BlackElo "2249"]
[Annotator "NA"]
[PlyCount "31"]
[EventDate "2018.07.26"]
[EventType "team-tourn"]
[EventCountry "HUN"]
[SourceTitle "playchess.com"]
[Source "ChessBase"]
[SourceQuality "1"]
[TimeControl "5400+30"]

1. d4 Nf6 2. g3 e6 3. Nf3 b6 4. Bg2 Bb7 5. O-O Be7 6. c4 O-O 7. Nc3 Ne4 8. Bd2 f5 9. d5 Nxd2 10. Qxd2 Bf6 11. Nd4 g6 12. dxe6 Bxg2 13. Kxg2 dxe6 14. Rad1 Bxd4 15. Qxd4 Nc6 16. Qxd8 1/2-1/2

[Event "HUN-chT Youth-Children 2018"]
[Site "Zalakaros"]
[Date "2018.07.28"]
[Round "6"]
[White "Acs, Marton"]
[Black "Baski, Barnabas"]
[Result "1-0"]
[ECO "E18"]
[WhiteElo "2204"]
[BlackElo "1740"]
[Annotator "NA"]
[PlyCount "83"]
[EventDate "2018.07.26"]
[EventType "team-tourn"]
[EventCountry "HUN"]
[SourceTitle "playchess.com"]
[Source "ChessBase"]
[SourceQuality "1"]
[TimeControl "5400+30"]

1. Nf3 Nf6 2. g3 b6 3. Bg2 Bb7 4. O-O e6 5. d4 Be7 6. c4 O-O 7. Nc3 Ne4 8. Bd2 d6 9. Qc2 Nxd2 10. Qxd2 Nd7 11. e4 e5 12. Rad1 Bf6 13. b3 g6 14. dxe5 Nxe5 15. Nd4 Bg7 16. Nd5 a6 17. f4 c6 18. Ne3 c5 19. Ndc2 Nc6 20. Qxd6 Nd4 21. Qxd8 Raxd8 22. Kf2 Rfe8 23. e5 Bxg2 24. Kxg2 f6 25. exf6 Nxc2 26. Nxc2 Rxd1 27. Rxd1 Re2+ 28. Kf3 Rxc2 29. fxg7 Kxg7 30. Rd7+ Kg8 31. Rb7 Rxh2 32. a4 Rc2 33. Rxb6 Rc3+ 34. Kg4 Kf7 35. Kh4 Rf3 36. a5 h6 37. Rxa6 Rxb3 38. Rc6 g5+ 39. Kg4 h5+ 40. Kxg5 Rxg3+ 41. Kxh5 Rf3 42. Kg5 1-0

[Event "HUN-chT Youth-Children 2018"]
[Site "Zalakaros"]
[Date "2018.07.28"]
[Round "6"]
[White "Egyed, Judit"]
[Black "Fule, Simon"]
[Result "1/2-1/2"]
[ECO "C77"]
[WhiteElo "2171"]
[BlackElo "2061"]
[Annotator "NA"]
[PlyCount "62"]
[EventDate "2018.07.26"]
[EventType "team-tourn"]
[EventCountry "HUN"]
[SourceTitle "playchess.com"]
[Source "ChessBase"]
[SourceQuality "1"]
[TimeControl "5400+30"]

1. e4 e5 2. Nf3 Nc6 3. Bb5 a6 4. Ba4 Nf6 5. d3 d6 6. c3 g6 7. O-O Bg7 8. h3 O-O 9. Be3 b5 10. Bc2 Re8 11. Nbd2 Bb7 12. Re1 h6 13. Nf1 d5 14. Ng3 dxe4 15. dxe4 Qxd1 16. Raxd1 Rad8 17. Rd2 Nh7 18. Red1 Nf8 19. Rxd8 Rxd8 20. Rxd8 Nxd8 21. Ne1 Nd7 22. Nd3 Kf8 23. b4 Ne6 24. f3 Nf4 25. Kf2 Nxd3+ 26. Bxd3 Nb6 27. Ne2 Bc8 28. Nc1 Be6 29. Nb3 Na4 30. Bd2 Ke8 31. Bc2 Bf8 1/2-1/2

[Event "HUN-chT Youth-Children 2018"]
[Site "Zalakaros"]
[Date "2018.07.28"]
[Round "6"]
[White "Losonczi, Marcell"]
[Black "Horvath, Csongor Endre"]
[Result "1-0"]
[ECO "B76"]
[WhiteElo "2149"]
[BlackElo "1845"]
[Annotator "NA"]
[PlyCount "55"]
[EventDate "2018.07.26"]
[EventType "team-tourn"]
[EventCountry "HUN"]
[SourceTitle "playchess.com"]
[Source "ChessBase"]
[SourceQuality "1"]
[TimeControl "5400+30"]

1. e4 c5 2. Nf3 d6 3. d4 cxd4 4. Nxd4 Nf6 5. Nc3 g6 6. Be3 Bg7 7. f3 O-O 8. Qd2 Nc6 9. g4 Be6 10. Nxe6 fxe6 11. O-O-O Ne5 12. Be2 Qc8 13. h4 Nfd7 14. f4 Nc4 15. Bxc4 Qxc4 16. e5 Rac8 17. h5 b5 18. Kb1 b4 19. Ne2 dxe5 20. hxg6 Nf6 21. gxh7+ Nxh7 22. fxe5 Bxe5 23. Bd4 Bxd4 24. Nxd4 Rf7 25. Qh6 e5 26. Nf5 Qxc2+ 27. Ka1 Rc6 28. Rd8+ {[%emt 0:00:09] Rc8 Rdd1} 1-0

[Event "HUN-chT Youth-Children 2018"]
[Site "Zalakaros"]
[Date "2018.07.28"]
[Round "6"]
[White "Dibusz, Domonkos"]
[Black "Koszta, Benedek"]
[Result "1/2-1/2"]
[ECO "B90"]
[WhiteElo "2076"]
[BlackElo "1901"]
[Annotator "NA"]
[PlyCount "100"]
[EventDate "2018.07.26"]
[EventType "team-tourn"]
[EventCountry "HUN"]
[SourceTitle "playchess.com"]
[Source "ChessBase"]
[SourceQuality "1"]
[TimeControl "5400+30"]

1. e4 c5 2. Nf3 d6 3. d4 cxd4 4. Nxd4 Nf6 5. Nc3 a6 6. Be3 e5 7. Nb3 Be6 8. h3 Be7 9. f4 exf4 10. Bxf4 Nc6 11. Qe2 Nd7 12. O-O-O Nde5 13. Nd5 O-O 14. Qd2 Re8 15. Be2 Bf8 16. Rhf1 Rb8 17. g4 b5 18. Bxe5 Nxe5 19. Nd4 Bxd5 20. exd5 g6 21. Qf4 Qc7 22. Kb1 Bg7 23. h4 Re7 24. Rf2 Rbe8 25. c3 Qb7 26. h5 Qd7 27. Rg2 Nc4 28. Bxc4 bxc4 29. h6 Re4 30. Qg5 Bh8 31. Nc6 Re1 32. Rxe1 Rxe1+ 33. Kc2 Qe8 34. Qd8 Qxd8 35. Nxd8 Re5 36. Nc6 Rg5 37. b3 cxb3+ 38. Kxb3 Kf8 39. c4 f5 40. Nd8 Rxg4 41. Ne6+ Ke7 42. Re2 Be5 43. c5 Rg3+ 44. Ka4 Rc3 45. c6 f4 46. Kb4 f3 47. Rf2 Rd3 48. Kc4 Rc3+ 49. Kb4 Kf6 50. c7 Ke7 1/2-1/2